[ PARTIDA AOE2 · #495993065 ]
UnrankedJaponeses vs Wei
Equipo del jugador · DERR
Equipo rival · VICT
[ ANÁLISIS DE REPETICIÓN · EXTRAÍDO DE LA PARTIDA GRABADA ]
Feudal
9:53
Castillos
24:24
Imperial
—
| APM promedio | 43.2 |
| APM pico | 78 |
| eAPM promedio | 18.9 |
| Aldeanos / militares | 71 / 65 |
Foco
⚔️ 34.8% · 🌾 65.2%
Cavalry Archer ×26 · Archer ×23 · Militia ×5 · Knight ×4 · Scorpion ×3 · Mangonel ×2
Feudal
11:50
Castillos
23:50
Imperial
—
| APM promedio | 60.3 |
| APM pico | 125 |
| eAPM promedio | 17.9 |
| Aldeanos / militares | 70 / 70 |
Foco
⚔️ 38.5% · 🌾 61.5%
Archer ×67 · Mangonel ×3 · Unknown (1949) ×2
Mapa de la partida
Recursos iniciales + cada clic de construcción. Líneas = muros · curvas = relieve. ◆ oro · ⬟ piedra · ● bayas · ✦ reliquia · ◌ hueco del cierre
Tu base· ✓ Cerrada en 24:24 · 39t muro · 1 puerta(s)
Base de Ie cuack· Abierta — el rival se encerró
Terreno inicial suavizado · ◌ = hueco del cierre detectado · pasá el cursor para detalles
Inputs por minuto
— DLucky3544 - - Ie cuack
Build order — DLucky3544
Primeras 150 de 226 acciones detectadas
| 0:01 | Crear | Villager (Male) |
| 0:02 | Crear | Villager (Male) |
| 0:02 | Crear | Villager (Male) |
| 0:03 | Construir | House |
| 0:05 | Construir | House |
| 0:17 | Crear | Villager (Male) |
| 0:17 | Crear | Villager (Male) |
| 1:30 | Crear | Villager (Male) |
| 1:30 | Crear | Villager (Male) |
| 1:58 | Crear | Villager (Male) |
| 1:59 | Crear | Villager (Male) |
| 2:25 | Crear | Villager (Male) |
| 2:25 | Crear | Villager (Male) |
| 3:03 | Crear | Villager (Male) |
| 3:03 | Crear | Villager (Male) |
| 3:09 | Construir | House |
| 3:11 | Construir | Lumber Camp |
| 3:19 | Crear | Villager (Male) |
| 3:20 | Crear | Villager (Male) |
| 3:21 | Crear | Villager (Male) |
| 3:21 | Crear | Villager (Male) |
| 3:54 | Crear | Villager (Male) |
| 3:55 | Crear | Villager (Male) |
| 4:37 | Investigar | Loom |
| 4:40 | Crear | Villager (Male) |
| 4:40 | Crear | Villager (Male) |
| 4:43 | Crear | Villager (Male) |
| 4:43 | Crear | Villager (Male) |
| 5:06 | Crear | Villager (Male) |
| 5:07 | Crear | Villager (Male) |
| 5:37 | Construir | Mill |
| 6:00 | Crear | Villager (Male) |
| 6:23 | Investigar | Loom |
| 6:58 | Crear | Villager (Male) |
| 7:32 | Construir | Mining Camp |
| 7:43 | Investigar | Feudal Age |
| 7:49 | Construir | Barracks |
| 8:17 | Crear | Villager (Male) |
| 8:24 | Crear | Militia |
| 8:24 | Crear | Militia |
| 8:26 | Construir | House |
| 8:47 | Crear | Militia |
| 8:47 | Crear | Militia |
| 9:04 | Construir | Lumber Camp |
| 9:08 | Crear | Militia |
| 9:20 | Construir | Mill |
| 9:34 | Construir | House |
| 9:47 | Construir | House |
| 9:53 | Edad | Edad Feudal |
| 9:55 | Crear | Villager (Male) |
| 10:00 | Construir | Archery Range |
| 10:05 | Investigar | Man-at-Arms (upgrade) |
| 10:21 | Construir | Palisade Wall |
| 10:25 | Construir | Palisade Wall |
| 10:32 | Crear | Villager (Male) |
| 10:38 | Crear | Villager (Male) |
| 10:38 | Crear | Villager (Male) |
| 10:38 | Crear | Villager (Male) |
| 10:44 | Crear | Archer |
| 10:45 | Crear | Archer |
| 11:04 | Crear | Spearman |
| 11:42 | Crear | Villager (Male) |
| 11:43 | Crear | Villager (Male) |
| 11:50 | Crear | Archer |
| 11:50 | Crear | Archer |
| 11:53 | Construir | Archery Range |
| 12:13 | Crear | Archer |
| 12:21 | Crear | Villager (Male) |
| 12:31 | Construir | Farm |
| 12:32 | Construir | Farm |
| 12:37 | Construir | Farm |
| 12:42 | Construir | House |
| 12:46 | Construir | House |
| 12:47 | Crear | Archer |
| 12:47 | Crear | Archer |
| 12:55 | Crear | Archer |
| 12:55 | Crear | Archer |
| 12:56 | Crear | Villager (Male) |
| 12:56 | Crear | Villager (Male) |
| 13:09 | Construir | Farm |
| 13:09 | Crear | Villager (Male) |
| 13:10 | Crear | Villager (Male) |
| 13:18 | Crear | Archer |
| 13:18 | Crear | Archer |
| 13:25 | Construir | House |
| 13:28 | Construir | Palisade Wall |
| 13:30 | Crear | Villager (Male) |
| 13:44 | Construir | House |
| 13:48 | Construir | Palisade Wall |
| 13:52 | Crear | Archer |
| 13:53 | Crear | Archer |
| 14:02 | Crear | Villager (Male) |
| 14:02 | Crear | Villager (Male) |
| 14:32 | Construir | Blacksmith |
| 14:34 | Crear | Villager (Male) |
| 14:36 | Construir | Farm |
| 15:00 | Crear | Villager (Male) |
| 15:03 | Construir | Farm |
| 15:05 | Construir | Farm |
| 15:29 | Crear | Villager (Male) |
| 15:29 | Crear | Villager (Male) |
| 15:29 | Crear | Villager (Male) |
| 15:32 | Investigar | Horse Collar |
| 15:32 | Investigar | Horse Collar |
| 15:38 | Construir | House |
| 15:40 | Construir | Palisade Wall |
| 15:42 | Construir | Palisade Wall |
| 15:47 | Construir | House |
| 15:47 | Construir | House |
| 15:50 | Construir | Palisade Wall |
| 15:52 | Crear | Villager (Male) |
| 16:12 | Construir | Farm |
| 16:42 | Crear | Villager (Male) |
| 16:45 | Crear | Archer |
| 16:45 | Crear | Archer |
| 16:45 | Crear | Archer |
| 16:46 | Crear | Villager (Male) |
| 16:46 | Crear | Villager (Male) |
| 16:47 | Crear | Villager (Male) |
| 16:47 | Crear | Villager (Male) |
| 16:54 | Investigar | Double-Bit Axe |
| 16:54 | Investigar | Double-Bit Axe |
| 17:33 | Crear | Villager (Male) |
| 17:38 | Construir | Farm |
| 17:50 | Investigar | Fletching |
| 17:51 | Crear | Villager (Male) |
| 17:52 | Crear | Archer |
| 17:52 | Crear | Archer |
| 17:53 | Crear | Archer |
| 18:36 | Crear | Archer |
| 18:36 | Crear | Archer |
| 18:37 | Crear | Villager (Male) |
| 18:39 | Investigar | Wheelbarrow |
| 18:41 | Construir | House |
| 18:46 | Construir | House |
| 18:49 | Construir | House |
| 18:53 | Construir | Palisade Wall |
| 18:56 | Construir | Palisade Wall |
| 19:00 | Construir | House |
| 19:01 | Construir | House |
| 19:10 | Construir | Farm |
| 19:39 | Construir | Farm |
| 19:40 | Construir | Farm |
| 19:40 | Construir | Farm |
| 19:40 | Construir | Farm |
| 19:40 | Construir | Farm |
| 19:41 | Construir | Farm |
| 19:44 | Construir | Lumber Camp |
| 20:00 | Crear | Villager (Male) |
| 20:27 | Crear | Archer |
Build order — Ie cuack
Primeras 150 de 244 acciones detectadas
| 0:02 | Crear | Villager (Male) ×4 |
| 0:04 | Construir | House |
| 0:05 | Construir | House |
| 1:39 | Crear | Villager (Male) |
| 2:01 | Crear | Villager (Male) |
| 2:25 | Crear | Villager (Male) |
| 2:25 | Crear | Villager (Male) |
| 2:32 | Construir | Lumber Camp |
| 2:43 | Construir | Lumber Camp |
| 2:47 | Construir | Lumber Camp |
| 3:00 | Crear | Villager (Male) |
| 3:00 | Crear | Villager (Male) |
| 3:00 | Crear | Villager (Male) |
| 3:29 | Crear | Villager (Male) |
| 3:53 | Crear | Villager (Male) |
| 3:53 | Crear | Villager (Male) |
| 3:54 | Crear | Villager (Male) |
| 3:57 | Construir | House |
| 4:34 | Crear | Villager (Male) |
| 4:41 | Construir | House |
| 4:45 | Construir | Palisade Wall |
| 4:47 | Construir | Palisade Wall |
| 4:56 | Crear | Villager (Male) |
| 4:56 | Crear | Villager (Male) |
| 5:53 | Crear | Villager (Male) |
| 6:09 | Construir | Mill |
| 6:26 | Crear | Villager (Male) |
| 6:37 | Crear | Villager (Male) |
| 6:47 | Crear | Villager (Male) |
| 6:54 | Construir | House |
| 6:55 | Construir | Palisade Wall |
| 7:02 | Construir | Palisade Wall |
| 7:02 | Construir | Palisade Wall |
| 7:22 | Construir | Palisade Wall |
| 7:30 | Crear | Villager (Male) |
| 7:46 | Crear | Villager (Male) |
| 7:56 | Investigar | Loom |
| 8:13 | Construir | Palisade Wall |
| 8:16 | Construir | Palisade Wall |
| 8:29 | Crear | Villager (Male) |
| 8:29 | Crear | Villager (Male) |
| 8:47 | Construir | Palisade Wall |
| 8:49 | Construir | Palisade Wall |
| 8:52 | Construir | Palisade Wall |
| 9:04 | Construir | Palisade Wall |
| 9:05 | Construir | Palisade Wall |
| 9:06 | Construir | Palisade Wall |
| 9:10 | Construir | Palisade Wall |
| 9:14 | Crear | Villager (Male) |
| 9:37 | Investigar | Feudal Age |
| 9:49 | Construir | Mill |
| 10:06 | Crear | Villager (Male) |
| 10:19 | Construir | Mining Camp |
| 10:42 | Construir | House |
| 10:42 | Construir | Palisade Wall |
| 11:01 | Construir | Barracks |
| 11:20 | Construir | Palisade Gate |
| 11:24 | Construir | House |
| 11:35 | Construir | House |
| 11:42 | Construir | Palisade Wall |
| 11:46 | Construir | Palisade Wall |
| 11:47 | Construir | Palisade Wall |
| 11:48 | Construir | Palisade Wall |
| 11:50 | Edad | Edad Feudal |
| 11:50 | Construir | Palisade Wall |
| 11:51 | Construir | Palisade Wall |
| 11:52 | Construir | Palisade Wall |
| 12:09 | Construir | Archery Range |
| 12:19 | Investigar | Double-Bit Axe |
| 12:23 | Crear | Villager (Male) |
| 12:23 | Crear | Villager (Male) |
| 12:45 | Crear | Villager (Male) |
| 12:52 | Crear | Archer |
| 12:52 | Crear | Archer |
| 12:56 | Crear | Villager (Male) |
| 13:04 | Crear | Villager (Male) |
| 13:09 | Construir | House |
| 13:10 | Crear | Archer |
| 13:21 | Construir | Palisade Wall |
| 13:25 | Construir | Palisade Wall |
| 13:40 | Construir | Lumber Camp |
| 13:42 | Crear | Villager (Male) |
| 13:43 | Crear | Villager (Male) |
| 13:49 | Crear | Villager (Male) |
| 13:50 | Crear | Archer |
| 13:53 | Construir | House |
| 14:27 | Construir | Watch Tower |
| 14:55 | Construir | Farm |
| 14:59 | Crear | Villager (Male) |
| 15:01 | Crear | Villager (Male) |
| 15:06 | Construir | Farm |
| 15:24 | Crear | Villager (Male) |
| 15:31 | Crear | Archer |
| 15:32 | Crear | Archer |
| 15:37 | Investigar | Gold Mining |
| 15:43 | Crear | Villager (Male) |
| 15:44 | Crear | Villager (Male) |
| 15:55 | Crear | Villager (Male) |
| 16:01 | Construir | Blacksmith |
| 16:04 | Construir | House |
| 16:05 | Construir | House |
| 16:09 | Crear | Archer |
| 16:27 | Crear | Villager (Male) |
| 16:27 | Crear | Villager (Male) |
| 16:36 | Construir | Farm |
| 17:00 | Crear | Archer |
| 17:10 | Crear | Archer |
| 17:16 | Crear | Villager (Male) |
| 17:19 | Construir | Farm |
| 17:25 | Construir | Market |
| 17:37 | Crear | Archer |
| 17:50 | Construir | Mining Camp |
| 18:21 | Crear | Archer |
| 18:23 | Crear | Villager (Male) |
| 18:34 | Crear | Villager (Male) |
| 18:38 | Construir | Archery Range |
| 18:43 | Construir | Archery Range |
| 18:45 | Crear | Archer |
| 18:48 | Investigar | Fletching |
| 18:55 | Crear | Villager (Male) |
| 18:58 | Construir | Farm |
| 19:00 | Construir | Farm |
| 19:03 | Construir | Farm |
| 19:08 | Construir | Farm |
| 19:15 | Crear | Archer |
| 19:27 | Crear | Archer |
| 19:29 | Crear | Archer |
| 19:29 | Crear | Archer |
| 19:57 | Crear | Archer |
| 20:10 | Crear | Villager (Male) |
| 20:11 | Crear | Villager (Male) |
| 20:17 | Construir | Farm |
| 20:28 | Crear | Archer |
| 20:42 | Construir | Watch Tower |
| 20:46 | Construir | House |
| 21:10 | Investigar | Castle Age |
| 21:46 | Crear | Archer |
| 21:47 | Crear | Archer |
| 21:47 | Crear | Archer |
| 22:09 | Investigar | Wheelbarrow |
| 22:19 | Investigar | Horse Collar |
| 22:26 | Crear | Archer |
| 22:27 | Crear | Archer |
| 22:27 | Crear | Archer |
| 22:45 | Crear | Archer |
| 22:45 | Crear | Archer |
| 23:30 | Crear | Archer |
| 23:30 | Crear | Archer |
| 23:30 | Crear | Archer |
| 23:35 | Crear | Villager (Male) |
Cronología de la partida
| 4:45 | Ie cuack · wall_segment Palisade Wall x6 |
| 4:47 | Ie cuack · wall_segment Palisade Wall x4 |
| 6:55 | Ie cuack · wall_segment Palisade Wall x3 |
| 7:02 | Ie cuack · wall_segment Palisade Wall x1 |
| 7:02 | Ie cuack · wall_segment Palisade Wall x1 |
| 7:22 | Ie cuack · wall_segment Palisade Wall x13 |
| 7:49 | DLucky3544 · first_building Barracks |
| 8:13 | Ie cuack · wall_segment Palisade Wall x1 |
| 8:16 | Ie cuack · wall_segment Palisade Wall x6 |
| 8:47 | Ie cuack · wall_segment Palisade Wall x3 |
| 8:49 | Ie cuack · wall_segment Palisade Wall x1 |
| 8:52 | Ie cuack · wall_segment Palisade Wall x10 |
| 9:04 | Ie cuack · wall_segment Palisade Wall x1 |
| 9:05 | Ie cuack · wall_segment Palisade Wall x1 |
| 9:06 | Ie cuack · wall_segment Palisade Wall x1 |
| 9:10 | Ie cuack · wall_segment Palisade Wall x3 |
| 9:53 | DLucky3544 · age_up feudal |
| 10:00 | DLucky3544 · first_building Archery Range |
| 10:21 | DLucky3544 · wall_segment Palisade Wall x1 |
| 10:25 | DLucky3544 · wall_segment Palisade Wall x1 |
| 10:42 | Ie cuack · wall_segment Palisade Wall x1 |
| 11:01 | Ie cuack · first_building Barracks |
| 11:42 | Ie cuack · wall_segment Palisade Wall x1 |
| 11:46 | Ie cuack · wall_segment Palisade Wall x1 |
| 11:47 | Ie cuack · wall_segment Palisade Wall x1 |
| 11:48 | Ie cuack · wall_segment Palisade Wall x1 |
| 11:50 | Ie cuack · age_up feudal |
| 11:50 | Ie cuack · wall_segment Palisade Wall x1 |
| 11:51 | Ie cuack · wall_segment Palisade Wall x1 |
| 11:52 | Ie cuack · wall_segment Palisade Wall x1 |
| 12:09 | Ie cuack · first_building Archery Range |
| 13:21 | Ie cuack · wall_segment Palisade Wall x1 |
| 13:25 | Ie cuack · wall_segment Palisade Wall x1 |
| 13:28 | DLucky3544 · wall_segment Palisade Wall x4 |
| 13:48 | DLucky3544 · wall_segment Palisade Wall x12 |
| 15:40 | DLucky3544 · wall_segment Palisade Wall x5 |
| 15:42 | DLucky3544 · wall_segment Palisade Wall x5 |
| 15:50 | DLucky3544 · wall_segment Palisade Wall x9 |
| 18:53 | DLucky3544 · wall_segment Palisade Wall x1 |
| 18:56 | DLucky3544 · wall_segment Palisade Wall x1 |
| 20:04 | Ie cuack · first_market_buy 100 food |
| 20:05 | Ie cuack · first_market_sell 100 stone |
| 21:59 | DLucky3544 · first_building Stable |
| 23:50 | Ie cuack · age_up castle |
| 24:24 | DLucky3544 · age_up castle |
| 24:32 | Ie cuack · first_building Castle |
| 26:49 | Ie cuack · first_building Siege Workshop |
| 27:06 | DLucky3544 · first_building Siege Workshop |
| 30:23 | DLucky3544 · first_building Monastery |
| 33:40 | DLucky3544 · resign |
[ ANÁLISIS IA · 1 CRÉDITO ]
¿Qué pasó realmente en esta partida?
Wolo.gg analiza cada decisión: build order, eco, micro, errores típicos por bracket. Análisis personalizado por WhatsApp o Discord en 30 segundos.
Guía civ
Japoneses
Perfil
DLucky3544